AoeStats
← Bear

Arena

510580486Analyzed
4v4 RM · 2d ago on Oct 1, 2026· 50m 17s· 8 players
Game mode
Random Map
Map size
Large (8 player)
Population
200
Speed
Normal
Resources
Standard
Victory
Conquest
Starting age
Dark Age
Ending age
Imperial Age
RankedLock teamsTeams togetherTeam positionsShared explorationLock speedFull tech treeHidden civsTurbo modeCheats
Victory
Defeat
🇲🇽 Mongols · Mexico
1477
+13
🇺🇸 Burgundians · United States
1434
+15
🇹🇷 Franks · Türkiye
1360
+18
🇹🇷 Khmer · Türkiye
1337
+18
🇭🇰 Mongols · Hong Kong SAR China
1471
-19
🇹🇼 Khmer · Taiwan
1402
-16
🇭🇰 Teutons · Hong Kong SAR China
1376
-15
🇦🇷 Teutons · Argentina
1365
-14
ZhongliN
10:20 Feudal Age
13:52 Castle Age
12:48 Double-Bit Axe
13:43 Horse Collar
14:09 Light Cavalry
15:35 Bloodlines
15:20 Loom
16:55 Husbandry
20:21 Scale Barding Armor
21:38 Forging
25:52 Bow Saw
26:45 Heavy Plow
26:57 Town Watch
28:13 Wheelbarrow
31:13 Imperial Age
29:32 Gold Mining
29:33 Stone Mining
30:29 Chain Barding Armor
30:35 Hand Cart
30:40 Fletching
32:10 Iron Casting
31:48 Bodkin Arrow
31:54 Padded Archer Armor
32:57 Conscription
34:33 Ballistics
35:24 Bracer
35:40 Leather Archer Armor
37:19 Chemistry
38:18 Blast Furnace
38:27 Tusk Swords
38:31 Elite Ballista Elephant
38:58 Hussar
40:19 Double Crossbow
43:06 Plate Barding Armor
43:25 Ring Archer Armor
45:03 Crop Rotation
302
5:45 Loom
8:00 Feudal Age
17:18 Fletching
22:28 Double-Bit Axe
22:24 Horse Collar
28:01 Castle Age
27:06 Gold Mining
27:08 Stone Mining
33:10 Wheelbarrow
33:43 Stone Shaft Mining
35:47 Imperial Age
34:09 Bow Saw
35:23 Heavy Plow
35:18 Pikeman
35:59 Squires
35:44 Arson
36:00 Scale Mail Armor
36:11 Forging
36:37 Forging
36:30 Halberdier
39:10 Iron Casting
39:56 Chain Mail Armor
42:58 Plate Mail Armor
43:21 Hand Cart
42:52 Town Watch
适才相戏耳
10:45 Feudal Age
12:33 Wheelbarrow
11:45 Town Watch
14:44 Castle Age
13:10 Stone Mining
13:05 Horse Collar
14:04 Double-Bit Axe
20:58 Scale Mail Armor
21:38 Bow Saw
22:21 Squires
21:42 Man-at-Arms
23:05 Gold Mining
23:56 Wheelbarrow
23:42 Long Swordsman
25:01 Loom
24:50 Pikeman
27:01 Forging
31:09 Imperial Age
29:09 Heavy Plow
30:24 Fortified Wall
30:41 Masonry
32:19 Conscription
32:08 Nomads
31:56 Onager
35:17 Drill
37:32 Chemistry
38:29 Drill
40:22 Chemistry
44:14 Siege Engineers
46:56 Caravan
48:11 Chain Mail Armor
48:31 Iron Casting
Bear
6:43 Loom
8:58 Feudal Age
15:14 Fletching
24:11 Castle Age
22:36 Double-Bit Axe
22:32 Horse Collar
25:50 Bow Saw
32:10 Wheelbarrow
35:17 Hand Cart
35:40 Scale Mail Armor
35:50 Forging
35:36 Bodkin Arrow
35:12 Pikeman
35:53 Squires
37:31 Chain Mail Armor
37:52 Iron Casting
42:50 Imperial Age
43:01 Padded Archer Armor
43:23 Ballistics
43:14 Fortified Wall
42:55 Heated Shot
43:08 Heavy Plow
42:53 Halberdier
43:20 Gambesons
44:10 Bloodlines
45:24 Man-at-Arms
45:50 Arson
46:37 Plate Mail Armor
46:26 Long Swordsman
47:15 Cavalier
Manu
9:27 Feudal Age
10:56 Loom
15:15 Fletching
20:03 Wheelbarrow
25:24 Castle Age
23:17 Double-Bit Axe
26:44 Bodkin Arrow
31:05 Horse Collar
35:01 Heavy Plow
37:39 Bow Saw
38:27 Hand Cart
38:39 Town Watch
40:04 Gold Mining
40:55 Stone Mining
42:30 Stone Shaft Mining
42:28 Ballistics
45:13 Imperial Age
42:47 Padded Archer Armor
43:44 Husbandry
43:55 Bloodlines
44:03 Leather Archer Armor
44:13 Murder Holes
45:21 Gold Shaft Mining
45:15 Thumb Ring
45:59 Bracer
47:10 Chemistry
46:45 Parthian Tactics
47:15 Conscription
47:31 Conscription
47:29 Masonry
46:49 Elite Skirmisher
48:29 Conscription
49:44 Hoardings
48:38 Elite Mangudai
Vedette87
4:30 Double-Bit Axe
6:02 Wheelbarrow
9:24 Feudal Age
10:30 Bow Saw
10:16 Horse Collar
11:21 Hand Cart
18:27 Castle Age
16:33 Gold Mining
17:48 Gold Shaft Mining
17:24 Heavy Plow
24:27 Imperial Age
23:30 Padded Archer Armor
26:12 Chemistry
25:40 Leather Archer Armor
37:51 Crop Rotation
39:06 Loom
40:42 Treadmill Crane
42:23 Stone Mining
49:56 Conscription
Conqurues
10:22 Feudal Age
13:53 Castle Age
13:05 Double-Bit Axe
13:01 Horse Collar
17:54 Bow Saw
17:46 Heavy Plow
22:49 Scale Barding Armor
22:55 Forging
24:09 Bloodlines
25:08 Wheelbarrow
29:03 Chain Barding Armor
32:54 Imperial Age
30:59 Husbandry
31:25 Gold Mining
33:52 Hand Cart
34:32 Iron Casting
34:36 Plate Barding Armor
34:38 Iron Casting
34:12 Elite Battle Elephant
38:32 Blast Furnace
42:27 Gold Shaft Mining
41:43 Stone Mining
44:20 Stone Shaft Mining
44:57 Elite Ballista Elephant
45:58 Conscription
47:33 Fletching
47:44 Padded Archer Armor
48:22 Elite Skirmisher
48:59 Bodkin Arrow
49:20 Leather Archer Armor
49:42 Double Crossbow
bayirm17
4:26 Loom
10:47 Feudal Age
11:49 Double-Bit Axe
21:30 Castle Age
19:46 Stone Mining
22:43 Bow Saw
22:37 Husbandry
27:08 Imperial Age
29:08 Wheelbarrow
31:55 Hand Cart
33:31 Cavalier
34:56 Scale Barding Armor
37:24 Chain Barding Armor
39:11 Forging
39:18 Gold Mining
42:01 Iron Casting
42:02 Plate Barding Armor
41:36 Paladin
43:02 Plate Barding Armor
43:09 Conscription
43:40 Chivalry
45:15 Light Cavalry
46:33 Iron Casting
48:34 Blast Furnace
Connection lost

Rejoining the realm…

Still unreachable

The connection could not be restored.

Session expired

The server has moved on; the page needs a fresh start.